 Dungeon Crawl Stone Soup version 0.26.1-11-gd32895ea62 (webtiles) character file.

Game seed: 12194456702091111940

175 Zeld the Changer (level 5, -1/33 HPs)
             Began as an Octopode Transmuter on May 27, 2021.
             Was an Initiate of Gozag.
             Killed by nerve-wracking pain
             ... invoked by an orc priest
              (8 damage)
             ... on level 3 of the Dungeon.
             The game lasted 00:02:45 (3153 turns).

Zeld the Changer (Octopode Transmuter)              Turns: 3153, Time: 00:02:46

Health: -1/33      AC:  2    Str: 11    XL:     5   Next: 55%
Magic:  8/10       EV: 20    Int: 15    God:    Gozag
Gold:   195        SH:  0    Dex: 17    Spells: 1/11 levels left

rFire    . . .     SeeInvis .     - Unarmed
rCold    . . .     Faith    .   (shield currently unavailable)
rNeg     . . .     Spirit   .   (helmet currently unavailable)
rPois    x         Reflect  .   (no amulet)
rElec    .         Harm     .   (no ring)
rCorr    .         Rampage  .   (no ring)
Will     .....                  (no ring)
Stlth    ++........             (no ring)
HPRegen  0.11/turn              (no ring)
MPRegen  0.12/turn              (no ring)
                                (no ring)
                                (no ring)

@: spider-form (expiring), gold aura
A: tiny, almost no armour, stealthy swim, (amphibious), 8 rings, (constrict 8)
a: End Transformation, Renounce Religion, Potion Petition, Call Merchant, Bribe
Branch


You were on level 3 of the Dungeon.
You worshipped Gozag.
Gozag was aware of your devotion.
You were a venomous arachnid creature.
You visited 1 branch of the dungeon, and saw 3 of its levels.

You collected 255 gold pieces.
You paid 60 gold pieces to Gozag.

Inventory:

Scrolls
 a - a scroll of magic mapping {unknown}
 c - a scroll of remove curse {unknown}
 d - a scroll of enchant weapon {unknown}
 g - 2 scrolls of fog {unknown}
 k - 3 scrolls of identify {unknown}
 m - a scroll of amnesia {unknown}
Potions
 b - 3 potions of berserk rage {unknown}
 e - 3 potions of heal wounds {unknown}
 f - a potion of haste {unknown}
 h - a potion of curing {unknown}
 i - a potion of lignification {unknown}
 j - a potion of attraction {unknown}
 l - a potion of might {unknown}
 n - a potion of degeneration {unknown}
 o - a potion of invisibility {unknown}


   Skills:
 + Level 1.1 Fighting
 + Level 2.5 Dodging
 + Level 1.6 Stealth
 - Level 3.0 Unarmed Combat
 * Level 3.6 Spellcasting
 * Level 3.7 Transmutations
 + Level 0.2 Poison Magic


You had one spell level left.
You knew the following spells:

 Your Spells              Type           Power        Failure   Level
a - Beastly Appendage     Tmut           26%          13%         1
b - Wereblood             Tmut           13%          17%         2
c - Spider Form           Tmut/Pois      4%           47%         3
d - Ice Form              Ice/Tmut       8%           83%         4

Your spell library contained the following spells:

 Spells                   Type           Power        Failure   Level
 Blade Hands              Tmut           6%           89%         5


Dungeon Overview and Level Annotations

Branches:
Dungeon (3/15)

Altars:
Gozag


Innate Abilities, Weirdness & Mutations

You cannot wear most types of armour.
You are very stealthy in the water. (Stealth+)
((You are amphibious.))
You can wear up to eight rings at the same time.
((You can use your tentacles to constrict eight enemies at once.))
((Your skin changes colour to match your surroundings (Stealth+).))
((Your rubbery body absorbs attacks. (AC +1, EV +1)))


Message History

* * * LOW HITPOINT WARNING * * *
You are too injured to fight recklessly!
You are too injured to fight recklessly!
You are too injured to fight recklessly!
You are too injured to fight recklessly!
You hit the orc priest.
The orc priest is lightly wounded.
The orc completely misses you.
The orc priest calls upon Beogh to heal the orc.
The orc's wounds heal themselves!
You barely miss the orc priest.
The orc priest is lightly wounded.
The orc barely misses you. The orc priest completely misses you.
You completely miss the orc priest.
The orc priest is lightly wounded.
You kill the orc!
The orc priest calls down the wrath of Beogh upon you.
Pain shoots through your body!
You die...
Your body crumbles into a pile of gold.

..# #.# ...# #.# #...#
##.# #...# #... .o.o#
#..# #.#.# #..# #.#.#
#.<# # #.#.#####.s#
###..#.#.....#o$#####.#
.....o..##.(..........#
####..#.o.......#######
##...#######.# #.## #.#
#.. #.# #.# #.# #.
#.#..


You could see an orc priest.

Vanquished Creatures
  An orc priest (D:3)
  Jessica (D:2)
  An adder (D:2)
  5 gnolls
  An ooze (D:2)
  A worm (D:2)
  3 leopard geckos
  An orc (D:3)
  A ball python (D:1)
  5 bats
  3 giant cockroaches (D:1)
  4 goblins
  6 hobgoblins
  3 jackals (D:1)
  3 quokkas (D:2)
  5 frilled lizards
  4 kobolds (D:2)
  6 rats
54 creatures vanquished.

Vanquished Creatures (others)
  21 plants (D:2)
21 creatures vanquished.

Grand Total: 75 creatures vanquished

Notes
Turn   | Place    | Note
-------+----------+-------------------------------------------
     0 | D:1      | Zeld the Octopode Transmuter began the quest for the Orb.
     0 | D:1      | Reached XP level 1. HP: 13/13 MP: 3/3
   218 | D:1      | Reached XP level 2. HP: 18/18 MP: 1/5
   221 | D:1      | Learned a level 2 spell: Wereblood
   679 | D:1      | Reached XP level 3. HP: 15/23 MP: 7/7
   683 | D:1      | Learned a level 3 spell: Spider Form
   985 | D:2      | Noticed Jessica
  1015 | D:2      | Killed Jessica
  1016 | D:2      | Reached XP level 4. HP: 26/28 MP: 2/8
  1430 | D:3      | Found an opulent altar of Gozag.
  1449 | D:3      | Became a worshipper of Gozag Ym Sagoz the Greedy
  2263 | D:2      | Reached XP level 5. HP: 15/33 MP: 8/10
  2291 | D:2      | Learned a level 4 spell: Ice Form
  2791 | D:2      | Reached skill level 1 in Stealth
  3153 | D:3      | Killed from afar by an orc priest

Illustrated notes

Levels and vault maps discovered:
D:1:      minmay_arrival_glassed_features, layout_rooms, minmay_liquid_box
D:2:      wad_woods_settlement, layout_loops_ring,
          hangedman_decor_clover_reticule, minivault_14, uniq_jessica
D:3:      cheibrodos_thug_alley, layout_loops_ring, nicolae_gozag_seed_capital,
          chequers_ecumenical_altar_twisty, uniq_crazy_yiuf_cottage

Skill      XL: |  1  2  3  4  5 |
---------------+----------------+-----
Spellcasting   | 3 |  3.6
Transmutations | 3 |  3.7
Stealth        | 1 |  1.6
Fighting       | |  1.1
Dodging        | |  2.5
Unarmed Combat | |  3.0
Poison Magic   | |  0.2

Action                   |  1- 3 |  4- 6 || total
-------------------------+-------+-------++-------
Melee: Unarmed           |    43 |    77 ||   120
       Constrict         |    16 |    21 ||    37
       Kick              |    14 |    18 ||    32
       Tentacles         |     1 |    11 ||    12
       Punch             |     1 |     3 ||     4
 Cast: Beastly Appendage |    18 |    20 ||    38
       Spider Form       |       |     1 ||     1
 Stab: Sleeping          |     2 |     2 ||     4
Armor: Skin              |     5 |     3 ||     8
Dodge: Dodged            |    26 |    58 ||    84
